 Dungeon Crawl Stone Soup version 0.28-a0-474-g535839065c (webtiles) character file.

Game seed: 15058729335708720234

12878 robertstho the Thaumaturge (level 12, -17/83 HPs)
             Began as a Djinni Fire Elementalist on Sept 15, 2021.
             Was an Initiate of Gozag.
             Killed from afar by Jorgrun (54 damage)
             ... with an iron shot
             ... on level 12 of the Dungeon.
             The game lasted 00:23:53 (16787 turns).

robertstho the Thaumaturge (DjFE)                  Turns: 16787, Time: 00:23:53

Health: -17/83     AC:  9    Str:  7    XL:     12   Next: 25%
Gold:   1519       EV: 13    Int: 22    God:    Gozag SH:  5 Dex: 14

rFire   + . .      SeeInvis .   C - +2 long sword (vorpal)
rCold   . . .      Faith    .   (no shield)
rNeg    + . .      Spirit   .   h - +0 steam dragon scales
rPois   ∞          Reflect  +   (no helmet)
rElec   .          Harm     .   E - +2 cloak
rCorr   .          Rampage  .   b - +0 pair of gloves
Will    +....                   (boots unavailable)
Stlth   ++........              H - amulet of reflection
HPRegen 0.23/turn               w - ring of positive energy
MPRegen 0.00/turn               J - ring of ice

@: flying, studying Long Blades
A: sickness immunity, fire resistance 2, cold vulnerability 1, float, innate
caster, hp casting, extra vitality 1, mutation resistance 1
a: Renounce Religion, Potion Petition, Call Merchant, Bribe Branch


You were on level 12 of the Dungeon.
You worshipped Gozag.
Gozag was most pleased with you.
You visited 2 branches of the dungeon, and saw 13 of its levels.
You also visited: Sewer and Ossuary.

You collected 1674 gold pieces.
You paid 155 gold pieces to Gozag.

Inventory:

Hand Weapons
 g - a +0 dagger
 s - a +0 falchion of holy wrath
 C - a +2 vorpal long sword (weapon)
Armour
 b - a +0 pair of gloves (worn)
 h - +0 steam dragon scales (worn)
 E - a +2 cloak (worn)
 K - a +1 robe of cold resistance
Jewellery
 w - a ring of positive energy (left hand)
 H - an amulet of reflection (around neck)
 J - a ring of ice (right hand)
Wands
 j - a wand of polymorph (7)
 k - a wand of acid (18)
 x - a wand of flame (19)
 D - a wand of mindburst (11)
 G - a wand of iceblast (8)
Scrolls
 c - a scroll of immolation
 e - 3 scrolls of fear
 f - 3 scrolls of vulnerability
 i - 3 scrolls of fog
 m - 5 scrolls of teleportation
 o - 7 scrolls of magic mapping
 p - 2 scrolls of enchant weapon
 v - 4 scrolls of enchant armour
 y - a scroll of summoning {unknown}
 B - a scroll of brand weapon
 I - a scroll of silence
Potions
 a - 2 potions of invisibility {unknown}
 d - 3 potions of lignification
 l - 3 potions of brilliance
 n - a potion of ambrosia
 q - 2 potions of berserk rage
 t - 2 potions of haste
 u - 7 potions of curing
 z - 2 potions of might
 F - 2 potions of magic {unknown}


   Skills:
 * Level 6.1 Fighting
 + Level 0.8 Short Blades
 + Level 3.5 Dodging
 + Level 3.8 Stealth
 * Level 13.1 Spellcasting


You had 10 spell levels left.
You knew the following spells:

 Your Spells              Type           Power      Damage    Failure   Level
a - Foxfire               Conj/Fire      100%       2x1d9     1%          1
b - Scorch                Fire           100%       2d10      1%          2
c - Conjure Flame         Conj/Fire      64%        6-21      1%          3
d - Inner Flame           Hex/Fire       64%        N/A       1%          3
e - Flame Wave            Conj/Fire      64%        3d11      1%          4
f - Freeze                Ice            100%       1d11      1%          1
g - Call Imp              Summ           64%        N/A       1%          2
h - Passwall              Tmut/Erth      53%        N/A       1%          2
i - Olgreb's Toxic Radia  Pois           64%        N/A       1%          4
j - Lee's Rapid Deconstr  Erth           32%        3d17*     1%          5
Your spell library was empty.

Dungeon Overview and Level Annotations

Branches:
Dungeon (12/15)            Temple (1/1) D:7            Lair (0/6) D:10
  Sewer (visited)         Ossuary (visited)
    Orc: D:9-12

Altars:
Ashenzari
Cheibriados
Elyvilon
Fedhas
Gozag
Kikubaaqudgha
Makhleb
Nemelex Xobeh
Okawaru
Ru
Vehumet
Zin

Annotations:
D:9 1 runed translucent door, siradein's ghost, novice DsGl
D:12 Jorgrun


Innate Abilities, Weirdness & Mutations

You are immune to sickness and miasma.
You are immune to poison.
Your flesh is very heat resistant. (rF++)
You are vulnerable to cold. (rC-)
You float through the air rather than walking.
You learn spells naturally, not from books.
Your magical power is your life essence.
You have superior vitality. (+4 HP)
You are somewhat resistant to further mutation.


Message History

You feel strangely unstable.
Some rock shatters into small pieces.
Your surroundings suddenly seem different.
You hear a grinding noise.
You start resting.
Jorgrun is nearby!
Casting: Olgreb's Toxic Radiance (safe; 1% risk of failure)
Confirm with . or Enter, or press ? or * to list all spells.
Aiming: Lee's Rapid Deconstruction (dangerous; 1% risk of failure)
Press: ? - help, Dir - move target A rock wall.
The wall shatters!
The blast of rock fragments hits Jorgrun.
Jorgrun is heavily wounded.
Unknown command.
Casting: Lee's Rapid Deconstruction (dangerous; 1% risk of failure)
Confirm with . or Enter, or press ? or * to list all spells.
Aiming: Lee's Rapid Deconstruction (dangerous; 1% risk of failure)
Press: ? - help, Dir - move target A rock wall.
The wall shatters!
The blast of rock fragments hits Jorgrun!!
Jorgrun is severely wounded.
Unknown command.
Casting: Lee's Rapid Deconstruction (dangerous; 1% risk of failure)
Confirm with . or Enter, or press ? or * to list all spells.
You don't know that spell.
Unknown command.
Casting: Lee's Rapid Deconstruction (dangerous; 1% risk of failure)
Confirm with . or Enter, or press ? or * to list all spells.
Aiming: Lee's Rapid Deconstruction (dangerous; 1% risk of failure)
Press: ? - help, Dir - move target A rock wall.
The wall shatters!
The blast of rock fragments hits Jorgrun!!
Jorgrun is almost dead.
Jorgrun points at you and mumbles some strange words.
The iron shot hits you!!!
Ouch! That really hurt!
You die...
Your body crumbles into a pile of gold.

..## ...# #..#
#..# #..# #..#
#..# #.@# #..#
#..# #..#
#.......?..# #.g#
#..........# #..#
#..........# #..#
#..........#
#..#.#..........#
#.#..........###


You could see Jorgrun.

Vanquished Creatures
  Fannar (D:11)
  2 two-headed ogres
  A deep elf pyromancer (D:9)
  A cyclops (D:12)
  Maurice (D:9)
  A gargoyle (D:11)
  A komodo dragon (D:9)
  A queen bee (shapeshifter) (D:10)
  5 slime creatures (D:10)
  A wraith (D:10)
  3 wyverns
  4 yaks (D:9)
  4 vampire mosquitoes (D:11)
  A steam dragon (D:6)
  3 acid dragons
  4 water moccasins
  3 orc warriors
  2 sky beasts
  A black bear (D:8)
  A black bear (shapeshifter) (D:10)
  An ice beast (D:8)
  3 necrophages
  3 ogres
  A centaur (D:9)
  4 kobold brigands
  A bullfrog (D:8)
  2 wyvern zombies (Ossuary)
  2 scorpions (D:6)
  2 water moccasin zombies (Ossuary)
  4 killer bees (D:10)
  16 wights
  5 howler monkeys
  A crimson imp (D:5)
  7 centaur zombies
  4 bullfrog zombies
  3 hounds
  A centaur skeleton (D:6)
  An orc priest (D:8)
  3 gnoll shamans
  A jelly (D:6)
  15 mummies (Ossuary)
  13 iguanas
  7 orc wizards
  5 killer bee zombies
  4 howler monkey zombies
  15 gnolls
  A howler monkey skeleton (D:4)
  10 adders
  2 white imps
  An ufetubus (D:5)
  6 worms
  3 dart slugs
  20 orcs
  12 ball pythons
  12 endoplasms
  6 giant cockroaches
  3 goblins
  6 hobgoblins
  17 jackals
  22 kobolds
  5 quokkas
  14 bats
  8 frilled lizards
  8 rats
321 creatures vanquished.

Vanquished Creatures (collateral kills)
  A hornet zombie (Ossuary)
  A centaur zombie (Ossuary)
  A foxfire (Ossuary)
3 creatures vanquished.

Vanquished Creatures (others)
  1133 foxfires
  3 fungi (D:10)
  12 plants
  6 withered plants (Ossuary)
1154 creatures vanquished.

Grand Total: 1478 creatures vanquished

Notes
Turn   | Place    | Note
-------+----------+-------------------------------------------
     0 | D:1      | robertstho the Djinni Fire Elementalist began the quest for
                  | the Orb.
     0 | D:1      | Reached XP level 1. HP: 15/15 MP: 0/0
    18 | D:1      | Reached XP level 2. HP: 8/21 MP: 0/0
   607 | D:1      | Reached skill level 3 in Spellcasting
   785 | D:1      | Reached XP level 3. HP: 24/26 MP: 0/0
   785 | D:1      | Learned a level 1 spell: Freeze
  2447 | D:2      | Reached XP level 4. HP: 29/31 MP: 0/0
  2758 | D:2      | Found a faded altar of an unknown god.
  3011 | D:2      | Reached skill level 1 in Fighting
  3274 | D:2      | Gained mutation: You are somewhat resistant to further
                  | mutation. [potion of mutation]
  3276 | D:2      | HP: 1/32 [something (2)]
  3660 | D:3      | Reached XP level 5. HP: 33/37 MP: 0/0
  3660 | D:3      | Learned a level 2 spell: Call Imp
  3798 | D:3      | Reached skill level 4 in Spellcasting
  5101 | D:4      | Noticed a necrophage
  5110 | D:4      | Killed a necrophage
  5111 | D:4      | Reached XP level 6. HP: 31/43 MP: 0/0
  5558 | D:4      | Noticed an ogre
  5566 | D:4      | Killed an ogre
  5567 | D:4      | Reached skill level 5 in Spellcasting
  5567 | D:4      | Reached XP level 7. HP: 15/49 MP: 0/0
  5567 | D:4      | Learned a level 2 spell: Passwall
  6094 | D:5      | Entered Level 5 of the Dungeon
  6194 | D:5      | Reached skill level 6 in Spellcasting
  6359 | D:5      | Reached XP level 8. HP: 50/55 MP: 0/0
  6696 | D:5      | Found a sand-covered staircase.
  6715 | Ossuary  | Entered an ossuary
  6758 | Ossuary  | Reached skill level 7 in Spellcasting
  6854 | Ossuary  | Reached XP level 9. HP: 16/61 MP: 0/0
  6854 | Ossuary  | Learned a level 4 spell: Olgreb's Toxic Radiance
  6982 | Ossuary  | Reached skill level 8 in Spellcasting
  8540 | D:6      | Reached skill level 9 in Spellcasting
  8587 | D:6      | Found a glowing drain.
  8605 | Sewer    | Entered a sewer
  9932 | D:7      | Reached XP level 10. HP: 62/67 MP: 0/0
 10098 | D:7      | Found a staircase to the Ecumenical Temple.
 10113 | Temple   | Entered the Ecumenical Temple
 10133 | Temple   | Became a worshipper of Gozag Ym Sagoz the Greedy
 10338 | D:7      | Reached skill level 10 in Spellcasting
 10942 | D:7      | You are sucked into a shaft and drop 2 floors!
 10943 | D:9      | Noticed siradein's ghost (novice DsGl)
 11793 | D:9      | Noticed a komodo dragon
 11798 | D:9      | Killed a komodo dragon
 12082 | D:9      | Noticed Maurice
 12433 | D:8      | Noticed a two-headed ogre
 12438 | D:8      | Killed a two-headed ogre
 12439 | D:8      | Reached skill level 5 in Fighting
 12439 | D:8      | Reached skill level 11 in Spellcasting
 12439 | D:8      | Reached XP level 11. HP: 28/75 MP: 0/0
 12439 | D:8      | Learned a level 5 spell: Lee's Rapid Deconstruction
 13398 | D:9      | Killed Maurice
 13518 | D:9      | Noticed a deep elf pyromancer
 13521 | D:9      | Killed a deep elf pyromancer
 13587 | D:9      | Found a runed translucent door.
 13768 | D:10     | Entered Level 10 of the Dungeon
 13830 | D:10     | Found an iron altar of Okawaru.
 13855 | D:10     | Found a staircase to the Lair.
 14124 | D:10     | Reached skill level 12 in Spellcasting
 15670 | D:11     | Noticed Fannar
 15676 | D:11     | Reached XP level 12. HP: 56/82 MP: 0/0
 15679 | D:11     | Killed Fannar
 15718 | D:11     | Noticed a two-headed ogre
 15958 | D:11     | Killed a two-headed ogre
 15959 | D:11     | Reached skill level 13 in Spellcasting
 16358 | D:11     | Identified the +1 leather armour of Lyst {Int+4}
 16761 | D:12     | Noticed Jorgrun
 16787 | D:12     | Killed from afar by Jorgrun

Illustrated notes

Levels and vault maps discovered:
D:1:      psy_arrival_terrarium, layout_basic, minmay_liquid_box
D:2:      minmay_chambers_of_ones, layout_basic,
          ebering_ecumenical_altar_sacrificial, amethyst_killhole,
          guppyfry_early_lair_pool
D:3:      layout_basic, hex_intersection, grunt_ministairs_3, minivault_23,
          minmay_between
D:4:      minmay_razor_zed, layout_basic, serial_corexii_hall,
          corexii_hall_statues_x, corexii_hall_statues_x,
          chequers_hall_statues_corner_a
D:5:      cheibrodos_quashed, layout_basic, nicolae_ossuary_entry_monument,
          minmay_fire_ice_demons
D:6:      layout_basic, portal_sewer_entry_b
D:7:      layout_rooms, minmay_temple_entry_tees
D:8:      layout_loops_ring, minivault_22
D:9:      layout_loops_cross, hellmonk_ghost_big_iron, minmay_lizard_king,
          uniq_maurice
D:10:     layout_gridville, mainiacjoe_overflow_chevrons, lair_entry_dummy
D:11:     layout_small_grid, uniq_fannar
D:12:     layout_basic, orc_0_dummy, uniq_jorgrun
Temple:   nicolae_temple_the_god_donut

Skill      XL: |  1  2  3  4  5  6  7  8  9 10 11 12 |
---------------+-------------------------------------+-----
Spellcasting   | 3 4 5 6 7 9 11 12 13 | 13.1
Fighting       | 1 2 3 5 6 |  6.1
Stealth        | 2 3 |  3.8
Dodging        | 3 |  3.5
Short Blades   | |  0.8

Action                   |  1- 3 |  4- 6 |  7- 9 | 10-12 || total
-------------------------+-------+-------+-------+-------++-------
Melee: Unarmed           |     4 |       |       |       ||     4
       Dagger            |     2 |       |     6 |       ||     8
       Long sword        |       |       |       |     1 ||     1
 Cast: Foxfire           |    27 |   127 |   253 |   272 ||   679
       Scorch            |    40 |    15 |    55 |    21 ||   131
       Flame Wave        |       |     1 |     9 |    20 ||    30
       Call Imp          |       |       |     1 |       ||     1
       Freeze            |       |       |     2 |       ||     2
       Olgreb's Toxic Ra |       |       |     1 |     1 ||     2
       Lee's Rapid Decon |       |       |       |    59 ||    59
Evoke: Wand              |       |       |     3 |       ||     3
  Use: Scroll            |       |     4 |    13 |     5 ||    22
       Potion            |       |     3 |     2 |     2 ||     7
Armor: Robe              |     3 |    13 |     2 |       ||    18
       Steam dragon scal |       |       |    10 |    14 ||    24
       Skin              |       |       |     2 |       ||     2
Dodge: Dodged            |    15 |    30 |    41 |    33 ||   119

Table legend: (Time is in decaauts)
 A = Elapsed time spent in this place.
 B = Non-inter-level travel time spent in this place.
 C = Inter-level travel time spent in this place.
 D = Time resting spent in this place.
 E = Time spent auto-exploring this place.
 F = Levels seen in this place.
 G = Mean time per level.
                   A        B        C        D        E       F      G
               +--------+--------+--------+--------+--------+-----+--------+
         Total |  16786 |  16426 |    360 |   1033 |  13459 |  15 | 1119.1 |
       Dungeon |  15063 |  14719 |    344 |    627 |  12465 |  12 | 1255.2 |
        Temple |     35 |     20 |     15 |      0 |      6 |   1 |   35.0 |
         Sewer |    740 |    740 |      0 |      0 |    628 |   1 |  740.0 |
       Ossuary |    946 |    946 |      0 |    406 |    360 |   1 |  946.0 |
               +--------+--------+--------+--------+--------+-----+--------+

Top non-repeatable levels by time:
     D:2: 1932 daAuts
    D:10: 1768 daAuts
     D:9: 1757 daAuts
     D:1: 1715 daAuts
     D:4: 1551 daAuts
     D:5: 1356 daAuts
     D:8: 1068 daAuts
     D:7: 980 daAuts
 Ossuary: 946 daAuts
    D:11: 936 daAuts
     D:3: 894 daAuts
     D:6: 788 daAuts
   Sewer: 740 daAuts
    D:12: 313 daAuts
  Temple: 35 daAuts
